 Dungeon Crawl Stone Soup version 0.17.1-3-g152610e (webtiles) character file.

523 Jerry the Zephyrmancer (level 7, 0/50 HPs)
             Began as a Mottled Draconian Air Elementalist on Mar 29, 2016.
             Killed from afar by an orc wizard (2 damage)
             ... with a puff of flame
             ... on level 4 of the Dungeon.
             The game lasted 00:22:29 (4598 turns).

Jerry the Zephyrmancer (DrAE)                       Turns: 4598, Time: 00:22:29

Health: 0/50       AC:  9    Str: 10    XL:     7   Next: 2%
Magic:  6/9        EV: 12    Int: 16    God:
Gold:   99         SH:  0    Dex: 11    Spells: 3 memorised, 4 levels left

rFire  + . .     SeeInvis .     d - +0 spear
rCold  . . .     Clarity  .     (armour unavailable)
rNeg   . . .     SustAt   .     (no shield)
rPois  .         Gourm    .     (helmet restricted)
rElec  .         Spirit   .     t - +2 cloak
rCorr  .         Warding  .     (no gloves)
rMut   .         Stasis   .     (no boots)
MR     .....                    (no amulet)
Stlth  +.........               v - ring of protection from fire
                                q - ring of invisibility

@: confused, not resistant to hostile enchantments, very unstealthy
A: breathe sticky flame splash, unfitting armour, dopey 1, low mp 1, wild magic
1, cold-blooded, AC +6
a: Breathe Sticky Flame, Evoke Invisibility


You were on level 4 of the Dungeon.
You were not hungry.

You visited 1 branch of the dungeon, and saw 4 of its levels.

You collected 99 gold pieces.

Inventory:

Hand Weapons
 d - a +0 spear (weapon)
Armour
 t - a +2 cloak (worn)
Jewellery
 q - a ring of invisibility (left hand)
 v - a ring of protection from fire (right hand)
Wands
 f - a wand of enslavement (18)
 u - a wand of fire (7)
Scrolls
 c - 2 scrolls of remove curse
 i - a scroll of identify
 j - a scroll of enchant armour
Books
 a - a book of Air

   Spells                             Type                      Level
   a - Shock                          Conjuration/Air              1
   b - Swiftness                      Charms/Air                   2
   c - Repel Missiles                 Charms/Air                   2
   d - Static Discharge               Conjuration/Air              3
   e - Lightning Bolt                 Conjuration/Air              5
Comestibles
 b - 2 bread rations
 g - a royal jelly
 h - 2 chunks of flesh
 n - 2 meat rations
 s - a beef jerky


   Skills:
 - Level 1.7 Dodging
 - Level 1.7 Stealth
 - Level 2.0 Spellcasting
 - Level 1.0 Conjurations
 + Level 8.0 Air Magic


You had 4 spell levels left.
You knew the following spells:

 Your Spells              Type           Power        Failure   Level  Hunger
a - Shock                 Conj/Air       ###.         9%          1    #......
b - Swiftness             Chrm/Air       ###.....     16%         2    ###....
c - Static Discharge      Conj/Air       ###.....     22%         3    ###....


Dungeon Overview and Level Annotations

Branches:
Dungeon (4/15)
 Temple: D:4-7

Altars:
Nemelex Xobeh
Okawaru
Trog


Innate Abilities, Weirdness & Mutations

You can spit globs of burning liquid.
You can ignite nearby creatures when you spit burning liquid.
Your weird mottled scales are hard (AC +6).
Your body does not fit into most forms of armour.
You are cold-blooded and may be slowed by cold attacks.
You are dopey. (Int -2)
Your magical capacity is low (-10% MP).
Your spells are a little harder to cast, but a little more powerful.


Message History

You hear some strange, mumbled words.
You are confused.
You hear some strange, mumbled words.
A puff of flame appears from out of thin air!
The puff of flame misses you. Something hits you but does no damage.
You feel a little less mighty now.
An orc wizard appears from thin air!
Reactivating autopickup.
The orc wizard hits you but does no damage.
The orc wizard closely misses you.
You feel less confused. The orc wizard barely misses you.
The orc wizard hits you with a dagger.
* * * LOW HITPOINT WARNING * * *
The orc wizard casts a spell at you.
You are confused.
The orc wizard casts a spell at you. The puff of flame hits you! You resist.
You die...

#.................##.#.#...#...
#........#.......###.#<........
#........#.......# #.#.#######.
#........#.#....####.#.........
................................
........$.#.....################
..........####..# ...).....#
#?o################ .......
#.@#............... ...$...
#†.#.############## ...)...
#..#.#............. .....##
#..#.#....#.....#.#
#..#.####.#.#####.#
#..#......#.......#
#..################ #... .......
#######


You could see an orc wizard.

Vanquished Creatures
  The ghost of cada the Shield-Bearer, an amateur OpFi (D:3)
  An orc priest (D:4)
  4 orc wizards (D:3)
  Terence (D:3)
  4 worker ants
  8 adders
  2 oozes
  3 worms
  3 giant geckos
  12 orcs
  11 bats
  2 giant cockroaches
  8 goblins
  8 hobgoblins
  9 kobolds
  5 giant newts
  4 rats
86 creatures vanquished.

Vanquished Creatures (others)
  A minotaur (D:1)
  An octopode (D:1)
  A vine stalker (D:1)
  2 spriggans (D:1)
  A formicid (D:1)
  A human (D:1)
  A dwarf (D:1)
  3 orcs (D:1)
  A kobold (D:1)
  7 tentacles (D:1)
  48 tentacle segments (D:1)
67 creatures vanquished.

Grand Total: 153 creatures vanquished

Notes
Turn   | Place    | Note
--------------------------------------------------------------
     0 | D:1      | Jerry the Draconian Air Elementalist began the quest for the Orb.
     0 | D:1      | Reached XP level 1. HP: 14/14 MP: 3/3
     0 | D:1      | Noticed a dwarf
     0 | D:1      | Noticed an octopode
     0 | D:1      | Noticed a vine stalker
     0 | D:1      | Noticed a minotaur
     0 | D:1      | Noticed a kraken
     0 | D:1      | Noticed a spriggan
     0 | D:1      | Noticed a human
     0 | D:1      | Noticed a spriggan
     0 | D:1      | Noticed a formicid
     4 | D:1      | Killed a dwarf
     5 | D:1      | Killed a formicid
     5 | D:1      | Killed a spriggan
     6 | D:1      | Killed a spriggan
     9 | D:1      | Killed a vine stalker
    10 | D:1      | Killed a human
    11 | D:1      | Killed a minotaur
    12 | D:1      | Killed an octopode
   224 | D:1      | Reached XP level 2. HP: 20/20 MP: 5/5
   694 | D:1      | Reached skill level 4 in Air Magic
   934 | D:1      | Reached XP level 3. HP: 26/26 MP: 4/6
  1493 | D:2      | Found an iron altar of Okawaru.
  1594 | D:2      | Found a faded altar to an unknown god.
  1902 | D:2      | Reached skill level 5 in Air Magic
  1902 | D:2      | Reached XP level 4. HP: 33/33 MP: 3/7
  2524 | D:3      | Reached XP level 5. HP: 38/38 MP: 2/8
  2529 | D:3      | Reached skill level 6 in Air Magic
  2619 | D:3      | Learned a level 2 spell: Swiftness
  2755 | D:3      | Noticed Terence
  2766 | D:3      | Killed Terence
  3108 | D:3      | Reached XP level 6. HP: 45/45 MP: 3/9
  3146 | D:3      | Reached skill level 7 in Air Magic
  3529 | D:3      | Noticed cada's ghost (amateur OpFi)
  3540 | D:3      | Killed cada's ghost
  3589 | D:3      | Learned a level 3 spell: Static Discharge
  4106 | D:4      | Found a sparkling altar of Nemelex Xobeh.
  4108 | D:4      | Found a bloodstained altar of Trog.
  4535 | D:4      | Gained mutation: Your magical capacity is low (-10% MP). [potion of mutation]
  4535 | D:4      | Gained mutation: You are dopey. (Int -2) [potion of mutation]
  4535 | D:4      | Gained mutation: Your spells are a little harder to cast, but a little more powerful. [potion of mutation]
  4540 | D:4      | Reached skill level 8 in Air Magic
  4547 | D:4      | Your scales start taking on a weird mottled colour.
  4547 | D:4      | Reached XP level 7. HP: 27/50 MP: 0/9
  4596 | D:4      | HP: 1/50 [orc wizard/dagger (4)]
  4598 | D:4      | Killed from afar by an orc wizard

Action                   |  1- 3 |  4- 6 |  7- 9 || total
-------------------------+-------+-------+-------++-------
Melee: Spear             |    74 |    41 |       ||   115
       Hand axe          |       |    20 |       ||    20
 Cast: Shock             |    53 |   121 |     1 ||   175
       Swiftness         |       |     1 |       ||     1
  Use: Scroll            |       |     9 |       ||     9
       Potion            |       |     7 |       ||     7
 Stab: Sleeping          |     2 |       |       ||     2
  Eat: Chunk             |     4 |    10 |       ||    14
